 Dungeon Sprint DCSS version 0.28.0-47-ge53b351184 (webtiles) character file.

Game seed: 6674603702469173891

1040 browni3141 the Bludgeoner (level 8, -1/88 HPs)
             Began as an Ogre Hunter on May 4, 2022.
             Was a Believer of Okawaru.
             Slain by a troll (4 damage)
             ... in the Dungeon (Sprint IX: "|||||||||||||||||||||||||||||").
             The game lasted 00:02:08 (583 turns).

browni3141 the Bludgeoner (Ogre Hunter)              Turns: 583, Time: 00:02:09

Health: -1/88      AC:  4    Str: 19    XL:     8   Next: 24%
Magic:  6/8        EV: 10    Int: 15    God:    Okawaru [**....]
Gold:   0          SH:  0    Dex: 12    Spells: 7/7 levels left

rFire   . . .      SeeInvis .   d - +0 giant spiked club
rCold   . . .      Faith    .   (shield currently unavailable)
rNeg    . . .      Spirit   .   b - +0 robe
rPois   .          Reflect  .   (helmet restricted)
rElec   .          Harm     .   n - +0 cloak
rCorr   .          Rampage  .   (gloves unavailable)
Will    .....      NoTele   +   (boots unavailable)
Stlth   +.........              (no amulet)
HPRegen 0.24/turn               I - +3 ring of intelligence
MPRegen 0.11/turn               X - +3 ring of dexterity

@: hasted, very quick
A: large, unfitting armour, tough skin 1
a: Renounce Religion, Heroism


You were in the Dungeon.
You worshipped Okawaru.
Okawaru was pleased with you.
You visited 1 branch


Innate Abilities, Weirdness & Mutations

You are too large for most types of armour.
You have tough skin. (AC +1)


   Skills:
 - Level 8.0 Fighting
 * Level 15.0 Maces & Flails
 - Level 4.0 Throwing
 - Level 1.7 Dodging
 - Level 0.6 Stealth
 * Level 0.0 Invocations


You had 7 spell levels left.
You didn't know any spells.
Your spell library was empty.

Inventory:

Hand Weapons
 a - a +0 short sword
 d - a +0 giant spiked club (weapon)
Missiles
 c - 4 large rocks (quivered)
Armour
 b - a +0 robe (worn)
 n - a +0 cloak (worn)
Jewellery
 I - a +3 ring of intelligence (left hand)
 X - a +3 ring of dexterity (right hand)
Wands
 m - a wand of iceblast (5)
Scrolls
 j - 2 scrolls of blinking {@r3}
 l - 2 scrolls of amnesia
Potions
 e - 5 potions of curing {@q1}
 f - a potion of heal wounds {@q2}
 h - 4 potions of magic
 i - a potion of berserk rage {!q}
 k - a potion of invisibility

Dungeon Overview and Level Annotations

Branches:
Dungeon (1/1)

Altars:
Cheibriados
Dithmenos
Elyvilon
Fedhas
Gozag
Hepliaklqana
Kikubaaqudgha
Makhleb
Nemelex Xobeh
Okawaru
Qazlal
Ru
Sif Muna
Trog
Uskayaw
Vehumet
Wu Jian
Xom
Yredelemnul
Zin
The Shining One
Beogh
Jiyva
Lugonu

¦.¦
¦.¦
¦)¦
¦)¦
¦.¦
¦.¦
¦.¦
¦.¦
¦@¦


¦T¦ ¦h¦ ¦u¦ ¦H¦ ¦c¦ ¦.¦ ¦.¦ You could see a red ugly thing, a centaur warrior, a
manticore, a troll and a raiju.


Message History

The troll claws you.
* * * LOW HITPOINT WARNING * * *
You feel yourself speed up. The troll closely misses you. The troll claws you!
* * * LOW HITPOINT WARNING * * *
The troll claws you but does no damage.
You feel much better.
You feel like a meek peon again. The troll closely misses you.
The troll claws you but does no damage. The troll claws you!
* * * LOW HITPOINT WARNING * * *
You bludgeon the troll!!
The troll is severely wounded.
The troll bites you but does no damage. The troll claws you!
* * * LOW HITPOINT WARNING * * *
The troll claws you!
* * * LOW HITPOINT WARNING * * *
You puncture the troll!
The troll is almost dead.
The troll bites you!
* * * LOW HITPOINT WARNING * * *
The troll misses you. The troll claws you!
* * * LOW HITPOINT WARNING * * *
Unknown command.
You closely miss the troll.
The troll is almost dead.
Unknown command.
You hit the troll but do no damage.
The troll is almost dead.
The troll bites you.
You die...

Skill      XL: |  1  2  3  4  5  6  7 |
---------------+----------------------+-----
Fighting       | 3 7 8 |  8.0
Maces & Flails | 2 6 8 11 12 15 | 15.0
Throwing       | |  4.0
Dodging        | |  1.7
Stealth        | |  0.6

Action                   |  1- 3 |  4- 6 |  7- 9 || total
-------------------------+-------+-------+-------++-------
Melee: Short sword       |    13 |    12 |       ||    25
       Punch             |       |     1 |       ||     1
       Giant spiked club |       |       |    20 ||    20
Throw: Large rock        |     3 |     2 |       ||     5
       Throwing net      |       |     2 |       ||     2
Invok: Heroism           |       |       |     1 ||     1
Evoke: Wand              |       |     4 |     1 ||     5
  Use: Potion            |       |       |     3 ||     3
 Stab: Held in net/web   |       |     1 |       ||     1
Armor: Robe              |     4 |     1 |     3 ||     8
Dodge: Dodged            |     5 |     3 |     9 ||    17

Levels and vault maps discovered:
D:        linesprint [early_d, line_temple, items_1, d_10, items_2, lair_1,
          lair_end, items_3, orc_1, orc_end, items_4, d_15, swamp_1, shoals_1,
          snake_1, spider_1, d_20, vaults_1, items_5, swamp_end, shoals_end,
          snake_end, spider_end, vaults_end, d_27, items_6, zot_1, zot_end,
          crypt_end, forest_end, elf_end, slime_end, tomb_end, abyss_end,
          pan_hell_end]

Notes
Turn   | Place    | Note
-------+----------+-------------------------------------------
     0 | D        | browni3141 the Ogre Hunter began the quest for the Orb.
     0 | D        | Reached XP level 1. HP: 22/22 MP: 1/1
     5 | D        | Reached skill level 3 in Fighting
     5 | D        | Reached skill level 1 in Maces & Flails
    11 | D        | Reached skill level 2 in Maces & Flails
    17 | D        | Reached XP level 2. HP: 26/32 MP: 2/2
    70 | D        | Noticed an ogre
    70 | D        | Noticed a scorpion
    74 | D        | Reached skill level 4 in Fighting
    74 | D        | Killed an ogre
    75 | D        | Reached skill level 7 in Fighting
    75 | D        | Reached skill level 6 in Maces & Flails
    75 | D        | Reached XP level 3. HP: 35/46 MP: 3/3
    75 | D        | Reached XP level 4. HP: 42/55 MP: 4/4
    86 | D        | Killed a scorpion
    87 | D        | Reached skill level 8 in Fighting
    87 | D        | Reached skill level 8 in Maces & Flails
    87 | D        | Reached XP level 5. HP: 18/63 MP: 5/5
   309 | D        | Found a snail-covered altar of Cheibriados.
   309 | D        | Found a shadowy altar of Dithmenos.
   309 | D        | Found a white marble altar of Elyvilon.
   309 | D        | Found a blossoming altar of Fedhas.
   309 | D        | Found an opulent altar of Gozag.
   310 | D        | Found a hazy altar of Hepliaklqana.
   311 | D        | Found a viscous altar of Jiyva.
   312 | D        | Found an ancient bone altar of Kikubaaqudgha.
   313 | D        | Found a corrupted altar of Lugonu.
   314 | D        | Found a burning altar of Makhleb.
   315 | D        | Found a sparkling altar of Nemelex Xobeh.
   316 | D        | Found an iron altar of Okawaru.
   317 | D        | Found a stormy altar of Qazlal.
   318 | D        | Found a sacrificial altar of Ru.
   319 | D        | Found a shimmering blue altar of Sif Muna.
   320 | D        | Found a bloodstained altar of Trog.
   321 | D        | Found a hide-covered altar of Uskayaw.
   322 | D        | Found a radiant altar of Vehumet.
   323 | D        | Found an ornate altar of the Wu Jian Council.
   324 | D        | Became a worshipper of Warmaster Okawaru
   325 | D        | Found a shimmering altar of Xom.
   326 | D        | Found a basalt altar of Yredelemnul.
   327 | D        | Found a glowing silver altar of Zin.
   328 | D        | Found a glowing golden altar of the Shining One.
   360 | D        | Noticed a troll
   360 | D        | Noticed a vampire mosquito
   360 | D        | Noticed a centaur
   363 | D        | Killed a troll
   364 | D        | Reached skill level 11 in Maces & Flails
   364 | D        | Reached XP level 6. HP: 37/72 MP: 6/6
   364 | D        | Reached * piety under Okawaru
   365 | D        | Reached skill level 12 in Maces & Flails
   365 | D        | Reached XP level 7. HP: 41/80 MP: 7/7
   367 | D        | Killed a vampire mosquito
   369 | D        | Reached skill level 13 in Maces & Flails
   565 | D        | Noticed a deep elf pyromancer
   565 | D        | Noticed a troll
   565 | D        | Noticed a raiju
   565 | D        | Noticed a red ugly thing
   565 | D        | Noticed a manticore
   565 | D        | Noticed a centaur warrior
   575 | D        | Killed a deep elf pyromancer
   575 | D        | Reached ** piety under Okawaru
   576 | D        | Reached skill level 15 in Maces & Flails
   576 | D        | Reached XP level 8. HP: 36/88 MP: 5/8
   581 | D        | HP: 3/88 [troll (8)]
   583 | D        | Slain by a troll

Vanquished Creatures
  A deep elf pyromancer (D)
  A troll (D)
  A vampire mosquito (D)
  An ogre (D)
  A centaur (D)
  A scorpion (D)
  A gnoll sergeant (D)
  An adder (D)
  An adder zombie (D)
  A dart slug (D)
  An endoplasm (D)
  2 ball pythons (D)
  A ball python zombie (D)
  A bat (D)
  A jackal zombie (D)
  A quokka skeleton (D)
17 creatures vanquished.

Table legend: (Time is in decaauts)
 A = Elapsed time spent in this place.
 B = Non-inter-level travel time spent in this place.
 C = Inter-level travel time spent in this place.
 D = Time resting spent in this place.
 E = Time spent auto-exploring this place.
 F = Levels seen in this place.
 G = Mean time per level.
                   A        B        C        D        E       F      G
               +--------+--------+--------+--------+--------+-----+--------+
         Total |    586 |    586 |      0 |    439 |      3 |   1 |  586.0 |
       Dungeon |    586 |    586 |      0 |    439 |      3 |   1 |  586.0 |
               +--------+--------+--------+--------+--------+-----+--------+

Top non-repeatable levels by time:
       D: 586 daAuts

Table legend:
 A = Non-vault XP
 B = Vault XP
 C = Vault XP percentage of total XP
 D = Non-vault monster count
 E = Vault monster count
 F = Vault count percentage of total count
                 A         B        C        D         E       F
            +---------+---------+-------+---------+---------+-------
      Total |       0 |    1486 | 100.0 |       0 |      17 | 100.0
            +---------+---------+-------+---------+---------+-------
          D |       0 |    1486 | 100.0 |       0 |      17 | 100.0
            +---------+---------+-------+---------+---------+-------
